cohdb
Replays
Latest Replays
All Replays
Popular Replays
Top Player Replays
Match Explorer
How It Works
Community
CoH3 Stats
Reddit
Sign in to upload your games and track your stats! →
Sign in with Steam
Match 42880141
Unlisted
Match 42880141
Overview
Messages
Build Orders
End
Panzergrenadier Squad
Selects Panzerjäger Kommand Battlegroup
Selects Mine Fields
Panzerpioneer Squad
Panzergrenadier Squad
250 Light Carrier
Construct Light Support Kompanie
Combat Half-tracks
Fire Support Elements
Flakvierling Half-track
Panzerjäger Mechanized Group
Selects Tank Busters
Vehicle Survival Package
2.5-tonne Medical Truck
Selects Defensive Positions
Veteran Squad Leaders
Construct Panzerarmee Kommand
Emergency Repair Kits
Walking Stuka Rocket Launcher
Selects Butterfly Bomb Drop
Armored Reserves
Rapid Advance
StuG Assault Group
Panzer III L Medium Tank
Selects Crew Shock Tactics
Crew Shock Tactics
StuG Assault Group
Havoc
Reakly
Ra11
aSIINiedi
0
0
Comments
sign in to comment!
No comments posted yet!